 Dungeon Crawl Stone Soup version 0.19-a0-1068-g99dd0f4 (webtiles) character file.

37 Charly the Cudgeler (level 3, 0/21 HPs)
             Began as a Gargoyle Skald on Aug 4, 2016.
             Slain by an ogre
             ... wielding a +0 giant club
              (11 damage)
             ... on level 4 of the Dungeon.
             The game lasted 00:05:40 (464 turns).

Charly the Cudgeler (Gargoyle Skald)                 Turns: 464, Time: 00:05:40

Health: 0/21       AC: 11    Str: 15    XL:     3   Next: 41%
Magic:  6/6        EV:  6    Int: 12    God:
Gold:   33         SH:  0    Dex: 10    Spells: 1 memorised, 5 levels left

rFire  . . .     SeeInvis .     d - 3 bread rations
rCold  . . .     Gourm    .     f - +0 chain mail
rNeg   + . .     Faith    .     (no shield)
rPois  ∞         Spirit   .     (no helmet)
rElec  +         Dismiss  .     (no cloak)
rCorr  .         Reflect  .     (no gloves)
SustAt .         Harm     .     (no boots)
MR     .....                    (no amulet)
Stlth  ..........               (no ring)
                                (no ring)

@:
A: negative energy resistance 1, electricity resistance, unbreathing,
petrification resistance, rot immunity, AC +3
a: no special abilities


You were on level 4 of the Dungeon.
You were not hungry.

You visited 1 branch of the dungeon, and saw 4 of its levels.

You collected 33 gold pieces.

Inventory:

Hand Weapons
 a - a +0 mace
Armour
 f - a +0 chain mail (worn)
Scrolls
 b - 2 scrolls of fog {unknown}
 e - 2 scrolls of identify {unknown}
Books
 c - a book of Battle

   Spells                             Type                      Level
   a - Infusion                       Charms                       1
   b - Shroud of Golubria             Charms/Translocation         2
   c - Song of Slaying                Charms                       2
   d - Spectral Weapon                Hexes/Charms                 3
   e - Regeneration                   Charms/Necromancy            3
Comestibles
 d - 3 bread rations (in hand)


   Skills:
 - Level 2.1 Fighting
 + Level 3.7 Maces & Flails
 - Level 1.1 Armour
 - Level 0.7 Dodging
 - Level 2.0 Spellcasting
 - Level 2.6 Charms


You had 5 spell levels left.
You knew the following spells:

 Your Spells              Type           Power        Failure   Level  Hunger
a - Infusion              Chrm           #...         99%         1    ##.....


Dungeon Overview and Level Annotations

Branches:
Dungeon (4/15)
 Temple: D:4-7

Altars:


Innate Abilities, Weirdness & Mutations

You are resistant to torment.
Your stone body is resilient. (AC +3)
You are immune to poison.
You resist negative energy. (rN+)
You are resistant to electric shocks. (rElec)
You can survive without breathing.
You are immune to petrification.
You are immune to rotting.


Message History

The adder skeleton is severely damaged.
The adder skeleton completely misses you.
Your chain mail prevents you from hitting the adder skeleton.
The adder skeleton is severely damaged.
The adder skeleton bites you but does no damage.
The adder skeleton barely misses you.
You sock the adder skeleton!
You destroy the adder skeleton!
You open the door.
An ogre comes into view. It is wielding a giant club.
The ogre shouts!
Drop what? 6/52 slots (_ for help) (? for menu, Esc to quit)
Okay, then.
Drop what? 6/52 slots (_ for help) (? for menu, Esc to quit)
Okay, then.
Wield which item (- for none, * to show all)? (? for menu, Esc to quit)
d - 3 bread rations (in hand)
The ogre hits you with a giant club!
Ouch! That really hurt!
You die...

# #+## #. ##...##
#.#### ##.....##
#....## ##.......##
######...####.........#
.......<....'.........+
######...####.........#
#..## ##.......# ...##
##@....## #.## ##O..##
#. ##'## # .# .# .# ..
.. ..


You could see an ogre.

Vanquished Creatures
  An adder (D:2)
  An ooze (D:2)
  An adder skeleton (D:4)
  A dart slug (D:2)
  2 giant geckos (D:2)
  3 bats
  2 giant cockroaches
  2 hobgoblins
  A quokka (D:2)
  A giant newt (D:1)
  3 kobolds (D:2)
18 creatures vanquished.

Notes
Turn   | Place    | Note
-------+----------+-------------------------------------------
     0 | D:1      | Charly the Gargoyle Skald began the quest for the Orb.
     0 | D:1      | Reached XP level 1. HP: 12/12 MP: 3/3
   133 | D:2      | Reached XP level 2. HP: 13/17 MP: 5/5
   227 | D:2      | Reached skill level 3 in Maces & Flails
   270 | D:2      | Reached XP level 3. HP: 18/21 MP: 6/6
   331 | D:3      | HP: 1/21 [orc priest/nerve-wracking pain (12)]
   462 | D:4      | Noticed an ogre
   464 | D:4      | Slain by an ogre

Vault maps used:
D:1:      dpeg_arrival_signposts
D:2:      first_bread, minmay_misc_feat_columns
D:3:      corexii_shack_village, minmay_misc_feat_cross, led_xom_imps
D:4:      minmay_tree_intersection, dk_rats_in_the_wall, uniq_menkaure

Skill      XL: |  1  2 |
---------------+-------+-----
Maces & Flails | 3 |  3.7
Fighting       | |  2.1
Armour         | |  1.1
Dodging        | |  0.7
Spellcasting   | |  2.0
Charms         | |  2.6

Action                   || total
-------------------------++-------
Melee: Mace              ||    72
Armor: Chain mail        ||    56
Dodge: Dodged            ||    32
